 Dungeon Crawl Stone Soup version 0.26-a0-597-gb535b0901c (webtiles) character file.

Game seed: 852491689787319554

73 Apogee the Chucker (level 4, -1/42 HPs)
             Began as a Troll Hunter on Sept 12, 2020.
             Slain by Sigmund
             ... wielding a +2 scythe of flaming
              (12 damage)
             ... on level 2 of the Dungeon.
             The game lasted 00:01:50 (1289 turns).

Apogee the Chucker (Troll Hunter)                   Turns: 1289, Time: 00:01:51

Health: -1/42      AC:  6    Str: 20    XL:     4   Next: 8%
Magic:  3/3        EV: 10    Int:  8    God:
Gold:   40         SH:  0    Dex: 10    Spells: 3/3 levels left

rFire    . . .     SeeInvis .     - Unarmed
rCold    . . .     Faith    .   (no shield)
rNeg     . . .     Spirit   .   b - +0 robe
rPois    .         Reflect  .   (helmet restricted)
rElec    .         Harm     .   (no cloak)
rCorr    .                      (gloves unavailable)
MR       .....                  (boots unavailable)
Stlth    +.........             (no amulet)
HPRegen  0.54/turn              (no ring)
MPRegen  0.08/turn              (no ring)

@: no status effects
A: large, unfitting armour, claws 3, regeneration 1, shaggy fur 1, tough skin 3
a: no special abilities


You were on level 2 of the Dungeon.
You visited 1 branch of the dungeon, and saw 2 of its levels.

You collected 40 gold pieces.

Inventory:

Hand Weapons
 a - a +0 short sword
Missiles
 c - 5 large rocks
 d - 2 throwing nets {!f}
 n - 20 stones (quivered)
Armour
 b - a +0 robe (worn)
Jewellery
 f - an uncursed ring of protection from magic {unknown}
   (You found it on level 1 of the Dungeon)
 g - an uncursed ring of resist corrosion {unknown}
   (You found it on level 1 of the Dungeon)
 o - an uncursed amulet of magic regeneration {unknown}
   (You found it on level 1 of the Dungeon)
 r - an uncursed ring of stealth {unknown}
   (You found it on level 2 of the Dungeon)
Scrolls
 e - a scroll of fog {unknown}
 j - 4 scrolls of teleportation {unknown}
 k - a scroll of magic mapping {unknown}
Potions
 h - a potion of magic {unknown}
 i - a potion of flight {unknown}
 l - a potion of mutation {unknown}
 m - 2 potions of cancellation {unknown}
 p - 2 potions of curing {unknown}
 q - a potion of berserk rage {unknown}


   Skills:
 + Level 2.1 Fighting
 + Level 4.0 Throwing
 + Level 2.1 Dodging
 - Level 0.3 Stealth
 * Level 2.1 Unarmed Combat


You had 3 spell levels left.
You didn't know any spells.
Your spell library was empty.

Dungeon Overview and Level Annotations

Branches:
Dungeon (2/15)

Altars:

Annotations:
D:2 Sigmund


Innate Abilities, Weirdness & Mutations

You are too large for most types of armour.
You have claws for hands.
Your natural rate of healing is unusually fast.
You are covered in fur. (AC +1)
You have extremely tough skin. (AC +3)


Message History

A kobold is nearby!
A kobold is nearby!
You barely miss the kobold. The kobold barely misses you.
You scratch the kobold.
You kill the kobold!
No target in view!
n - 21 stones (gained 1)
Found a chain mail.
Found a coral ring.
r - a coral ring Sigmund the Dreaded comes into view.
He is wielding a +2 scythe of flaming.
Throwing (i - inventory. (/) - cycle)
n - 21 stones (quivered)
Aim: Sigmund, wielding a +2 scythe of flaming and wearing a +0 robe (asleep)
You throw a stone. The stone hits Sigmund.
Sigmund shouts!
You start waiting.
Sigmund is nearby!
Sigmund hits you with a +2 scythe of flaming.
Sigmund burns you.
You closely miss Sigmund. Sigmund gestures at you while chanting.
You resist with some effort.
You barely miss Sigmund.
Sigmund points at you and mumbles some strange words.
You are confused.
Sigmund hits you from afar with a +2 scythe of flaming!
Sigmund burns you.
You bump into the rock wall.
You bump into the rock wall.
Sigmund hits you from afar with a +2 scythe of flaming!
Sigmund burns you.
* * * LOW HITPOINT WARNING * * *
You're too confused to move!
You feel less confused. Sigmund misses you.
Unknown command.
You scratch Sigmund. Sigmund casts a spell at you. The puff of flame hits you.
* * * LOW HITPOINT WARNING * * *
You closely miss Sigmund.
Sigmund hits you with a +2 scythe of flaming.
* * * LOW HITPOINT WARNING * * *
Sigmund burns you.
* * * LOW HITPOINT WARNING * * *
You claw Sigmund!
Unknown command.
You claw Sigmund!
Sigmund hits you with a +2 scythe of flaming!
You die...

. #. #. #[
########## #.
#......... #. #@#
########. #@#
#........ #.#
#.##..##. #.#
#.##..###
#.########.##..)..
#.............####
##########.#### #
#.# # #.# #### #.#
#...


You could see Sigmund.

Vanquished Creatures
  3 adders (D:2)
  An ooze (D:1)
  A dart slug (D:2)
  2 leopard geckos (D:1)
  8 giant cockroaches (D:1)
  3 goblins (D:1)
  5 hobgoblins
  A ball python (D:1)
  4 bats (D:1)
  4 kobolds
  5 rats
37 creatures vanquished.

Vanquished Creatures (others)
  A plant (D:1)
1 creature vanquished.

Grand Total: 38 creatures vanquished

Notes
Turn   | Place    | Note
-------+----------+-------------------------------------------
     0 | D:1      | Apogee the Troll Hunter began the quest for the Orb.
     0 | D:1      | Reached XP level 1. HP: 19/19 MP: 0/0
   174 | D:1      | Reached XP level 2. HP: 28/28 MP: 1/1
   181 | D:1      | Reached skill level 1 in Unarmed Combat
   461 | D:1      | Reached XP level 3. HP: 35/35 MP: 2/2
  1166 | D:2      | Reached XP level 4. HP: 40/42 MP: 3/3
  1213 | D:2      | Reached skill level 4 in Throwing
  1270 | D:2      | Noticed Sigmund
  1289 | D:2      | Slain by Sigmund

Illustrated notes

Levels and vault maps discovered:
D:1:      ebering_trefoil_3fold, layout_basic, serial_bayou_lagoon_a,
          minmay_worlds_worst_comb
D:2:      layout_basic, uniq_terence, uniq_sigmund

Skill      XL: |  1  2  3  4 |
---------------+-------------+-----
Unarmed Combat | 1 2 |  2.1
Dodging        | 2 |  2.1
Fighting       | 2 |  2.1
Throwing       | 4 |  4.0
Stealth        | |  0.3

Action                   |  1- 3 |  4- 6 || total
-------------------------+-------+-------++-------
Melee: Unarmed           |   110 |    13 ||   123
Throw: Stone             |       |     1 ||     1
 Stab: Sleeping          |     2 |       ||     2
Armor: Robe              |    53 |     1 ||    54
Dodge: Dodged            |    59 |     5 ||    64

Table legend: (Time is in decaauts)
 A = Elapsed time spent in this place.
 B = Non-inter-level travel time spent in this place.
 C = Inter-level travel time spent in this place.
 D = Time resting spent in this place.
 E = Time spent auto-exploring this place.
 F = Levels seen in this place.
 G = Mean time per level.
                   A        B        C        D        E       F      G
               +--------+--------+--------+--------+--------+-----+--------+
         Total |   1292 |   1267 |     25 |      5 |    981 |   2 |  646.0 |
       Dungeon |   1292 |   1267 |     25 |      5 |    981 |   2 |  646.0 |
               +--------+--------+--------+--------+--------+-----+--------+

Top non-repeatable levels by time:
     D:1: 989 daAuts
     D:2: 303 daAuts
